 Dungeon Crawl Stone Soup version 0.20-a0-839-gdaf5c57 (webtiles) character file.

599 dvd the Covered (level 7, -1/82 HPs)
             Began as a Formicid Abyssal Knight on Mar 8, 2017.
             Was a Priest of Lugonu.
             Slain by a troll (3 damage)
             ... on level 5 of the Dungeon.
             The game lasted 00:11:24 (5050 turns).

dvd the Covered (Formicid Abyssal Knight)           Turns: 5050, Time: 00:11:25

Health: -1/82      AC: 30    Str: 17    XL:     7   Next: 68%
Magic:  8/8        EV:  2    Int: 11    God:    Lugonu [***...]
Gold:   206        SH:  0    Dex: 12    Spells: 6/6 levels left

rFire    . . .     SeeInvis .   D - +2 mace (protect)
rCold    . . .     Gourm    .   (armour currently unavailable)
rNeg     + + +     Faith    .   (no shield)
rPois    +         Spirit   .   (helmet unavailable)
rElec    .         Reflect  .   (cloak currently unavailable)
rCorr    +         Harm     .   (gloves currently unavailable)
MR       .....                  (boots currently unavailable)
Stlth    +.........             C - amulet of magic regeneration
Regen    0.3/turn               (no ring)
MPRegen  0.2/turn               q - ring of resist corrosion

@: tree-form, protection aura
A: permanent stasis, dig shafts and tunnels, four strong arms, (antennae 0)
a: Depart the Abyss, Bend Space, Banish, Renounce Religion


You were on level 5 of the Dungeon.
You worshipped Lugonu.
Lugonu was most pleased with you.
You were not hungry.
You were a tree.
You visited 1 branch of the dungeon, and saw 5 of its levels.
You visited the Abyss 1 time.

You collected 206 gold pieces.

Inventory:

Hand Weapons
 a - a +1 falchion
 r - a +2 quarterstaff of chaos
 D - a +2 mace of protection (weapon)
Missiles
 F - 6 tomahawks (quivered)
Armour
 j - a +0 pair of gloves (melded)
 v - a +0 plate armour (melded)
 y - a +2 leather armour of magic resistance
 B - a +2 cloak of poison resistance (melded)
 E - a +3 leather armour
Jewellery
 q - a ring of resist corrosion (left branch)
 C - an amulet of magic regeneration (around neck)
Wands
 b - a wand of acid (8/15)
 i - a wand of random effects (18/48)
Scrolls
 h - a scroll of immolation {unknown}
 n - a scroll of magic mapping {unknown}
 o - a scroll of fog {unknown}
 p - 6 scrolls of identify
 s - a scroll of random uselessness {unknown}
 t - a scroll of enchant weapon {unknown}
 w - a scroll of fear {unknown}
 z - a scroll of recharging {unknown}
 A - 2 scrolls of enchant armour {unknown}
 G - 2 scrolls of teleportation {unknown}
 H - a scroll of remove curse
Potions
 e - 2 potions of might {unknown}
 k - a potion of cancellation {unknown}
 l - a potion of brilliance {unknown}
 m - 4 potions of agility {unknown}
 u - a potion of degeneration {unknown}
 x - 4 potions of lignification
Comestibles
 c - 3 bread rations
 d - 2 meat rations
 f - 8 fruits


   Skills:
 + Level 4.8 Fighting
 + Level 4.5 Long Blades
 + Level 2.5 Maces & Flails
 + Level 5.2 Armour
 + Level 1.7 Dodging
 + Level 0.3 Stealth
 + Level 2.3 Invocations


You had 6 spell levels left.
You didn't know any spells.

Dungeon Overview and Level Annotations

Branches:
Dungeon (5/15)
 Temple: D:4-7

Altars:
Dithmenos
Gozag
Ru
Vehumet
Zin


Innate Abilities, Weirdness & Mutations

You cannot be hasted, slowed, berserked, paralysed or teleported.
You can dig through walls and to a lower floor.
Your four strong arms can wield two-handed weapons with a shield.
((You have a pair of large antennae on your head. (SInv)))


Message History

The troll claws you but does no damage. x2
The troll bites you but does no damage. The troll claws you.
* * * LOW HITPOINT WARNING * * *
The troll claws you but does no damage.
You hit the troll.
The troll is moderately wounded.
The troll bites you.
* * * LOW HITPOINT WARNING * * *
The troll claws you but does no damage. x2
You hit the troll.
The troll is moderately wounded.
The troll bites you.
* * * LOW HITPOINT WARNING * * *
The troll claws you but does no damage. x2
You closely miss the troll.
The troll is moderately wounded.
The troll bites you.
* * * LOW HITPOINT WARNING * * *
The troll claws you but does no damage. The troll claws you.
You die...

... ... .####.. ...
....{.. .. §§..... ..
..... .§.....##. ...#
§........ ... ...h.h..#
(.. #.#######.#
#.hT♣..##.# ######.##.#
#....########
####>.......## #.####....#
#.##...######
###............
############.....#........
...............^....[.....


You could see a troll and a jackal.

Vanquished Creatures
  An ogre (D:4)
  2 scorpions
  A centaur zombie (D:5)
  Crazy Yiuf (D:4)
  A hound (D:4)
  Ijyb (D:3)
  2 orc wizards (D:4)
  3 worker ants
  Robin (D:4)
  5 adders
  2 oozes
  An adder skeleton (D:4)
  4 worms
  A dart slug (D:3)
  3 leopard geckos
  2 orcs (D:4)
  4 bats
  6 giant cockroaches
  18 goblins
  12 hobgoblins
  3 jackals
  11 kobolds
  3 quokkas
  3 ball pythons
  6 frilled lizards
  A quokka skeleton (D:5)
  16 rats
114 creatures vanquished.

Notes
Turn   | Place    | Note
-------+----------+-------------------------------------------
     0 | Abyss:1  | dvd the Formicid Abyssal Knight began the quest for the Orb.
     0 | Abyss:1  | Reached XP level 1. HP: 18/18 MP: 2/2
    61 | Abyss:1  | Noticed an apocalypse crab
    63 | D:1      | Escaped the Abyss
   182 | D:1      | Reached skill level 1 in Dodging
   199 | D:1      | Reached XP level 2. HP: 17/24 MP: 3/3
   217 | D:1      | Reached * piety under Lugonu
   364 | D:1      | Reached XP level 3. HP: 28/30 MP: 4/4
  1081 | D:2      | Reached XP level 4. HP: 35/37 MP: 5/5
  1326 | D:2      | Reached ** piety under Lugonu
  1907 | D:2      | Reached skill level 3 in Armour
  1907 | D:2      | Reached XP level 5. HP: 35/42 MP: 6/6
  2092 | D:3      | Noticed Ijyb
  2131 | D:3      | Killed Ijyb
  2240 | D:3      | Found a shadowy altar of Dithmenos.
  2698 | D:3      | Found an opulent altar of Gozag.
  2699 | D:3      | Found a glowing silver altar of Zin.
  3223 | D:4      | Noticed Robin
  3227 | D:4      | Noticed an ogre
  3622 | D:4      | Reached XP level 6. HP: 14/49 MP: 7/7
  3952 | D:4      | HP: 2/49 [poisoned by a scorpion]
  3954 | D:4      | Reached *** piety under Lugonu
  3954 | D:4      | Reached skill level 4 in Armour
  4284 | D:4      | Found a runed door.
  4289 | D:4      | Noticed Crazy Yiuf
  4306 | D:4      | Killed Crazy Yiuf
  4362 | D:4      | Killed Robin
  4497 | D:4      | Killed an ogre
  4497 | D:4      | Reached XP level 7. HP: 42/55 MP: 8/8
  4627 | D:4      | Reached skill level 5 in Armour
  4671 | D:4      | Reached skill level 1 in Maces & Flails
  4893 | D:4      | Found a sacrificial altar of Ru.
  4911 | D:5      | Entered Level 5 of the Dungeon
  5031 | D:5      | Found a radiant altar of Vehumet.
  5031 | D:5      | Noticed a troll
  5050 | D:5      | HP: 2/82 [troll (3)]
  5050 | D:5      | Slain by a troll

Vault maps used:
D:1:      dpeg_arrival_ratfight
D:2:      first_bread, minmay_pentomino_o2
D:3:      kennysheep_the_goblin_king, grunt_temple_overflow_gold_and_silver,
          nicolae_dithmenos_through_a_glass_darkly, minmay_misc_feat_room
D:4:      nicolae_ru_path_of_blood, uniq_crazy_yiuf_cottage, uniq_robin
D:5:      overflow_temple_1_default, fiery_altar_vehumet,
          overflow_temple_1_default, serial_shops, shop_statue

Skill      XL: |  1  2  3  4  5  6  7 |
---------------+----------------------+-----
Dodging        | 1 |  1.7
Fighting       | 4 |  4.8
Long Blades    | 3 4 |  4.5
Armour         | 3 4 5 |  5.2
Maces & Flails | 2 |  2.5
Stealth        | |  0.3
Invocations    | |  2.3

Action                   |  1- 3 |  4- 6 |  7- 9 || total
-------------------------+-------+-------+-------++-------
Melee: Falchion          |    90 |   302 |       ||   392
       Mace              |       |    22 |    81 ||   103
Throw: Tomahawk          |       |       |     1 ||     1
Invok: Depart the Abyss  |     1 |       |       ||     1
 Abil: Dig               |       |     3 |       ||     3
  Use: Potion            |       |     3 |     1 ||     4
       Scroll            |       |     1 |     1 ||     2
  Eat: Chunk             |     1 |     9 |     2 ||    12
       Royal jelly       |       |     1 |       ||     1
Armor: Ring mail         |    30 |     5 |       ||    35
       Leather armour    |     4 |       |       ||     4
       Plate armour      |       |   248 |    78 ||   326
       Skin              |       |       |    16 ||    16
Dodge: Dodged            |    60 |    93 |    25 ||   178
       Rpst.: Falchion   |    20 |    35 |       ||    55
